 Dungeon Crawl Stone Soup version 0.26.1-11-gd32895ea62 (webtiles) character file.

Game seed: 8086175087980982714

2091 porpoise the Slinger (level 9, -2/61 HPs)
             Began as a Halfling Wanderer on July 15, 2021.
             Was a Believer of Okawaru.
             Slain by a manticore (8 damage)
             ... on level 4 of the Dungeon.
             The game lasted 00:27:53 (7745 turns).

porpoise the Slinger (Halfling Wanderer)            Turns: 7745, Time: 00:27:54

Health: -2/61      AC: 11    Str: 15    XL:     9   Next: 52%
Magic:  12/12      EV: 14    Int: 14    God:    Okawaru [**....]
Gold:   222        SH:  0    Dex: 17    Spells: 12/12 levels left

rFire    + . .     SeeInvis .   a - +2 whip (venom)
rCold    . . .     Faith    +   (shield restricted)
rNeg     . . .     Spirit   .   i - +2 ring mail {rF+}
rPois    .         Reflect  .   s - +1 helmet
rElec    .         Harm     .   m - scarf {+Inv}
rCorr    .         Rampage  .   p - +0 pair of gloves
Will     +....                  (no boots)
Stlth    +.........             t - amulet of faith
HPRegen  0.20/turn              g - +6 ring of dexterity
MPRegen  0.13/turn              n - ring of willpower

@: no status effects
A: small, mutation resistance 1
a: Renounce Religion, Evoke Invisibility, Heroism


You were on level 4 of the Dungeon.
You worshipped Okawaru.
Okawaru was pleased with you.
You visited 1 branch of the dungeon, and saw 5 of its levels.

You collected 222 gold pieces.

Inventory:

Hand Weapons
 a - a +2 whip of venom (weapon)
 b - a +0 hunting sling
 d - a +1 short sword of venom
 w - a +4 dagger of speed
Missiles
 c - 4 throwing nets
 h - 142 stones (quivered)
Armour
 i - a +2 ring mail of fire resistance (worn)
 m - a scarf of invisibility (worn)
 p - a +0 pair of gloves (worn)
 s - a +1 helmet (worn)
Jewellery
 e - an uncursed amulet of magic regeneration
 g - a +6 ring of dexterity (left hand)
 n - a ring of willpower (right hand)
 t - an amulet of faith (around neck)
Wands
 j - a wand of acid (8)
Scrolls
 k - a scroll of blinking {unknown}
 l - a scroll of immolation {unknown}
 q - 2 scrolls of magic mapping {unknown}
 r - a scroll of enchant armour
 u - 2 scrolls of remove curse
Potions
 f - 3 potions of curing
 o - a potion of mutation
 v - a potion of flight
 x - a potion of haste {unknown}


   Skills:
 - Level 5.0 Fighting
 - Level 2.0 Axes
 + Level 11.8 Slings
 - Level 1.0(5.3) Throwing
 - Level 5.0 Armour
 * Level 2.8 Dodging
 - Level 1.1 Stealth
 - Level 2.4 Spellcasting
 - Level 1.0 Ice Magic
 - Level 1.0 Earth Magic
 * Level 2.8 Invocations


You had 12 spell levels left.
You didn't know any spells.
Your spell library contained the following spells:

 Spells                   Type           Power        Failure   Level
 Foxfire                  Conj/Fire      4%           38%         1
 Magic Dart               Conj           4%           38%         1
 Blink                    Tloc           N/A          54%         2
 Call Imp                 Summ           1%           54%         2
 Slow                     Hex            1%           54%         2
 Conjure Flame            Conj/Fire      1%           77%         3
 Mephitic Cloud           Conj/Pois/Air  1%           77%         3


Dungeon Overview and Level Annotations

Branches:
Dungeon (5/15)             Temple (0/1) D:4

Altars:
Okawaru

Annotations:
D:2 not cleared, Natasha


Innate Abilities, Weirdness & Mutations

You are small and have problems with some larger weapons.
You are somewhat resistant to further mutation.


Message History

You barely miss the manticore.
The manticore is heavily wounded.
The manticore misses you. The manticore claws you. The manticore claws you!
You hit the manticore.
The manticore looks as sick as possible!
The manticore is severely wounded.
The manticore closely misses you.
The manticore claws you but does no damage.
The manticore barely misses you.
You hit the manticore but do no damage.
The manticore is severely wounded.
The manticore closely misses you.
The manticore claws you but does no damage.
The manticore barely misses you.
You barely miss the manticore.
The manticore is severely wounded.
The manticore bites you!
* * * LOW HITPOINT WARNING * * *
The manticore claws you!
You die...

###################............
#..............................
#P...≈≈≈≈≈≈≈≈≈≈≈≈≈≈≈≈≈≈≈....≈≈≈
#....≈≈≈≈≈≈≈≈≈≈≈≈≈≈≈≈≈≈≈....≈≈≈
#....≈≈#####≈≈≈≈≈≈≈≈≈≈≈≈....≈≈≈
#....≈≈#...#...............)...
#...P≈≈#...#############''''###
#....≈≈###'#..#..#######....###
#....≈≈≈.#.#(H@..'.....'....'..
#....≈≈≈.#.#..#..#######....###
#....≈≈≈.#.##############''####
#.P..≈≈≈.#.))...'..............
#....≈≈≈.#.)))..'..............
#....≈≈≈.#.######..............
#....≈≈≈.#.# #..............
#....≈≈≈.#.# #########''####
#....≈≈###'# +.......'..'...


You could see a manticore (extremely poisoned).

Vanquished Creatures
  Sigmund (D:2)
  An ice beast (D:5)
  2 phantoms (D:3)
  4 ogres
  A centaur (D:5)
  A scorpion (D:3)
  A vampire bat (D:3)
  A howler monkey (D:3)
  2 gnoll shamans
  2 hounds
  Ijyb (D:3)
  Natasha (twice) (D:2)
  4 orc wizards
  An iguana (D:3)
  5 worker ants
  A killer bee zombie (D:4)
  A worker ant zombie (D:5)
  Robin (D:3)
  34 gnolls
  6 adders
  An ufetubus (D:5)
  An adder skeleton (D:4)
  5 worms
  4 dart slugs
  3 fire bats (D:3)
  7 leopard geckos
  18 orcs
  2 spectral bats (D:3)
  20 bats
  3 bat skeletons (D:3)
  A bat zombie (D:3)
  6 giant cockroaches
  8 goblins
  5 hobgoblins
  14 jackals
  9 kobolds
  6 quokkas
  A ball python (D:1)
  A bat simulacrum (D:3)
  A frilled lizard (D:1)
  8 rats
196 creatures vanquished.

Vanquished Creatures (others)
  A hobgoblin (D:2)
  A plant (D:4)
2 creatures vanquished.

Grand Total: 198 creatures vanquished

Notes
Turn   | Place    | Note
-------+----------+-------------------------------------------
     0 | D:1      | porpoise the Halfling Wanderer began the quest for the Orb.
     0 | D:1      | porpoise set off with the following items: a +0 club, a
                  | scroll of teleportation, a +0 robe; and the following
                  | spells available to memorise: Foxfire, Magic Dart, Blink,
                  | Call Imp, Slow, Conjure Flame, Mephitic Cloud
     0 | D:1      | Reached XP level 1. HP: 13/13 MP: 3/3
   201 | D:1      | Reached XP level 2. HP: 19/19 MP: 5/5
   645 | D:1      | Reached XP level 3. HP: 25/25 MP: 6/6
  1038 | D:2      | Found a faded altar of an unknown god.
  1215 | D:2      | Reached XP level 4. HP: 26/32 MP: 7/7
  1332 | D:2      | Noticed Natasha
  1340 | D:2      | Noticed Sigmund
  1575 | D:2      | Killed Natasha
  1576 | D:2      | Reached skill level 1 in Slings
  1576 | D:2      | Reached XP level 5. HP: 35/37 MP: 8/8
  1746 | D:2      | Reached skill level 2 in Slings
  1845 | D:2      | Noticed Natasha
  1860 | D:2      | Killed Sigmund
  1861 | D:2      | Reached skill level 5 in Fighting
  1861 | D:2      | Reached skill level 4 in Slings
  1861 | D:2      | Reached XP level 6. HP: 29/45 MP: 9/9
  1865 | D:2      | Killed Natasha
  2051 | D:2      | Reached skill level 1 in Armour
  2051 | D:2      | Reached XP level 7. HP: 46/50 MP: 10/10
  2199 | D:2      | Noticed Natasha
  2520 | D:3      | Reached skill level 5 in Slings
  2615 | D:3      | Noticed Robin
  2637 | D:3      | Killed Robin
  2912 | D:3      | Noticed Ijyb
  2936 | D:3      | Killed Ijyb
  3436 | D:3      | Found an iron altar of Okawaru.
  3453 | D:3      | Became a worshipper of Warmaster Okawaru
  3610 | D:3      | Reached skill level 6 in Slings
  3744 | D:3      | Reached XP level 8. HP: 52/55 MP: 11/11
  4063 | D:3      | Reached skill level 7 in Slings
  4063 | D:3      | Reached skill level 5 in Armour
  4069 | D:3      | Reached * piety under Okawaru
  4117 | D:3      | Reached skill level 8 in Slings
  4636 | D:3      | Reached skill level 9 in Slings
  5470 | D:4      | Found a staircase to the Ecumenical Temple.
  5472 | D:4      | You fall into a shaft and drop 1 floor!
  5472 | D:5      | Entered Level 5 of the Dungeon
  5498 | D:5      | Reached skill level 10 in Slings
  5553 | D:5      | Reached XP level 9. HP: 61/61 MP: 12/12
  5675 | D:5      | Reached skill level 11 in Slings
  5723 | D:5      | Reached ** piety under Okawaru
  6609 | D:3      | Reached skill level 1 in Dodging
  6643 | D:4      | Reached skill level 1 in Invocations
  7733 | D:4      | Noticed a manticore
  7745 | D:4      | Slain by a manticore

Illustrated notes

Levels and vault maps discovered:
D:1:      saegor_arrival_simple_a, layout_basic
D:2:      layout_loops_cross, chequers_ecumenical_altar_simple, uniq_natasha,
          uniq_sigmund
D:3:      layout_loops_ring, lemuel_round_altar, goddamned_bats, uniq_robin,
          uniq_ijyb
D:4:      lemuel_castle_with_subvaults [lemuel_castle_interior_original],
          layout_rooms, minmay_temple_entry_large_hall, supply_closet_lemuel,
          grunt_ministairs_3
D:5:      layout_basic, overflow_temple_1_default,
          nicolae_overflow_crystal_walls

Skill      XL: |  1  2  3  4  5  6  7  8  9 |
---------------+----------------------------+-----
Fighting       | 2 3 5 |  5.0
Slings         | 1 4 6 10 11 | 11.8
Armour         | 1 4 5 |  5.0
Dodging        | 2 |  2.8
Invocations    | 2 |  2.8
Axes           | |  2.0
Throwing       | |  1.0
Stealth        | |  1.1
Spellcasting   | |  2.4
Ice Magic      | |  1.0
Earth Magic    | |  1.0

Action                   |  1- 3 |  4- 6 |  7- 9 || total
-------------------------+-------+-------+-------++-------
Melee: Whip              |    73 |    48 |   331 ||   452
       Dagger            |       |       |    59 ||    59
 Fire: Hunting sling     |       |    26 |   336 ||   362
Throw: Stone             |       |       |     4 ||     4
Invok: Heroism           |       |       |     1 ||     1
  Use: Potion            |       |     1 |     4 ||     5
       Scroll            |       |       |     8 ||     8
 Stab: Sleeping          |     1 |       |     1 ||     2
       Distracted        |       |       |     1 ||     1
Armor: Robe              |     4 |       |       ||     4
       Ring mail         |    27 |    10 |   208 ||   245
       Skin              |       |       |    50 ||    50
Dodge: Dodged            |    49 |    34 |   413 ||   496
